 Dungeon Crawl Stone Soup version 0.32-a0-86-g8db1b9f803 (webtiles) character file.

Game seed: 15068691976257201966

3563 mandarbmax the Slicer (level 10, -4/63 HPs)
             Began as a Kobold Gladiator on Feb 6, 2024.
             Was a Believer of Wu Jian.
             Slain by an orc
             ... wielding a +0 flail
              (6 damage)
             ... on level 7 of the Dungeon.
             The game lasted 00:18:09 (7409 turns).

mandarbmax the Slicer (Kobold Gladiator)            Turns: 7409, Time: 00:18:09

Health: -4/63      AC: 16    Str: 10 (13) XL:     10   Next: 30%
Magic:  10/10      EV: 19    Int:  6 (9)  God:    Wu Jian [**....]
Gold:   365        SH:  0    Dex: 19 (20) Spells: 9/9 levels left

rFire   . . .        g - +2 short sword (elec)
rCold   . . .        (no shield)
rNeg    . . .        G - +0 acid dragon scales
rPois   .            o - +1 helmet
rElec   .            A - +0 cloak
rCorr   +            v - +0 pair of gloves
SInv    .            n - +1 pair of boots
Will    +....        (no amulet)
Stlth   +++++        b - ring of willpower
HPRegen 0.30/turn    l - +4 ring of protection
MPRegen 0.12/turn

%: no passive effects
@: brilliant
A: small, no large weapons, nightstalker 3
a: Renounce Religion, Wall Jump


You were on level 7 of the Dungeon.
You worshipped Wu Jian.
Wu Jian was pleased with you.
You visited 2 branches of the dungeon, and saw 9 of its levels.
You also visited: Sewer.

You collected 365 gold pieces.

Inventory:

Hand Weapons
 a - a +0 rapier
 g - a +2 short sword of electrocution (weapon)
Missiles
 d - 3 throwing nets
 e - 9 boomerangs
 p - 14 poisoned darts (quivered)
 F - 2 curare-tipped darts
Armour
 h - a +0 ring mail
 m - the +0 helmet of the True Pharaoh {+Blink Str+2 Int+3}
   (You found it on level 5 of the Dungeon)

   Str+2:     It affects your strength (+2).
   Int+3:     It affects your intelligence (+3).
   +Blink:    It lets you blink.
 n - a +1 pair of boots (worn)
 o - a +1 helmet (worn)
 r - a +0 leather armour of willpower
 t - the +1 robe "Zagguwau" {rC+ rCorr}
   (You found it on level 5 of the Dungeon)

   rC+:       It protects you from cold.
   rCorr:     It protects you from acid and corrosion.
 v - a +0 pair of gloves (worn)
 A - a +0 cloak (worn)
 G - +0 acid dragon scales (worn)
Jewellery
 b - a ring of willpower (left hand)
 l - a +4 ring of protection (right hand)
 s - a ring of protection from fire
 y - a ring of ice
Wands
 c - a wand of charming (3)
 C - a wand of acid (3)
Scrolls
 f - a scroll of silence
 w - a scroll of poison {unknown}
 z - 2 scrolls of immolation
 D - 4 scrolls of teleportation
 E - 2 scrolls of blinking
Potions
 i - a potion of attraction
 j - a potion of haste
 k - a potion of might
 u - a potion of brilliance
 x - a potion of mutation


   Skills:
 + Level 7.2 Fighting
 * Level 12.2 Short Blades
 - Level 2.1 Throwing
 + Level 8.4 Dodging
 + Level 9.0 Stealth


You had 9 spell levels left.
You didn't know any spells.
Your spell library contained the following spells:

 Spells                   Type           Power      Damage    Failure   Level
 Magic Dart               Conj           0%         1d3       63%         1
 Searing Ray              Conj           0%         2d4       77%         2
 Ozocubu's Armour         Ice            0%         N/A       94%         3
 Summon Ice Beast         Ice/Summ       0%         N/A       94%         3
 Fulminant Prism          Conj/Alch      0%         3d5       100%        4
 Metabolic Englaciation   Hex/Ice        0%         N/A       100%        5
 Summon Mana Viper        Hex/Summ       0%         N/A       100%        5
 Sculpt Simulacrum        Ice/Alch       0%         N/A       100%        6
 Monstrous Menagerie      Summ           0%         N/A       100%        7


Dungeon Overview and Level Annotations

Branches:
Dungeon (8/15)             Temple (1/1) D:5            Lair (0/5) D:8
  Sewer (visited)

Altars:
Ashenzari
Cheibriados
Dithmenos
Elyvilon
Fedhas
Gozag
Hepliaklqana
Kikubaaqudgha
Makhleb
Okawaru
Ru
Sif Muna
Trog
Uskayaw
Vehumet
Wu Jian
Xom
Yredelemnul
Zin
The Shining One

Shops:
D:3 [   D:7 ?*

Annotations:
D:7 2 transporters, jejorda2's ghost, novice GnBe


Innate Abilities, Weirdness & Mutations

You are small and have problems with some larger weapons.
You are completely attuned to the shadows.


Message History

The Council accepts your kill.
The orc throws a boomerang.
The boomerang completely misses you.
An orc comes into view. It is wielding a +0 flail.
Your Stealth skill increases to level 9!
You hit the orc priest but do no damage.
The orc priest hits you but does no damage.
Unknown command.
You spin and attack the orc priest repeatedly.
You barely miss the orc priest.
You hit the orc priest but do no damage.
The orc priest looks satisfied for a moment.
The orc barely misses you.
The orc priest calls down the wrath of Beogh upon you.
Beogh smites you!
The orc priest invokes the aid of Beogh against you.
Beogh smites you!
* * * LOW HITPOINT WARNING * * *
There is a stone staircase leading up here.
The orc completely misses you.
The orc priest invokes the aid of Beogh against you.
Beogh smites you!
* * * LOW HITPOINT WARNING * * *
You climb upwards.
Level annotation: 2 transporters, jejorda2's ghost, novice GnBe
There is a stone staircase leading down here.
Okay, then.
Okay, then.
You hit the orc but do no damage. The orc hits you with a +0 flail.
* * * LOW HITPOINT WARNING * * *
Okay, then.
It was a potion of brilliance.
You feel clever all of a sudden. The orc misses you.
It was a potion of magic.
Magic courses through your body. The orc hits you but does no damage.
It was a potion of degeneration.
There was something very wrong with that liquid.
You feel weakened.
You feel dopey.
You feel clumsy. The orc hits you with a +0 flail.
You die...

## #. #. #. #. ### #.
##########.## #.
#......o@...########## #.
#.########.##..>.....###.
#.# #..........#.......
#.# #.##...........###.
#.# #.##..#.##.#######.
#.# #.##..#.##.# #.. #.#
#.##..#<##.######.. #.#
#.##............#.. #.#
#.##...............


You could see an orc.

Vanquished Creatures
  Maggie (D:8)
  A steam dragon (D:8)
  Edmund (D:4)
  Duvessa (D:4)
  A sky beast (D:6)
  3 orc warriors
  2 black bears (D:4)
  A crocodile (Sewer)
  2 wolves (D:8)
  3 ogres
  A centaur (D:7)
  3 phantoms
  A brain worm (Sewer)
  3 scorpions (D:5)
  A gnoll sergeant (D:6)
  3 wights (D:8)
  Dowan (D:4)
  A howler monkey (D:6)
  A bombardier beetle (D:3)
  2 hounds
  2 orc priests (D:8)
  2 gnoll boudas
  3 jellies (D:6)
  Jessica (D:2)
  An iguana (D:7)
  7 orc wizards
  Robin (D:4)
  10 adders
  18 gnolls
  3 river rats (Sewer)
  A shadow imp (D:7)
  A white imp (D:5)
  4 ufetubi
  An adder zombie (D:3)
  3 ribbon worms
  4 dart slugs
  21 orcs
  8 endoplasms
  5 giant cockroaches
  11 goblins
  12 hobgoblins
  8 jackals (Sewer)
  5 kobolds
  6 quokkas
  11 ball pythons
  4 bats (D:1)
  8 frilled lizards
  A quokka zombie (D:3)
  11 rats
206 creatures vanquished.

Vanquished Creatures (others)
  A quokka (D:3)
1 creature vanquished.

Grand Total: 207 creatures vanquished

Notes
Turn   | Place    | Note
-------+----------+-------------------------------------------
     0 | D:1      | mandarbmax the Kobold Gladiator began the quest for the
                  | Orb.
     0 | D:1      | Reached XP level 1. HP: 12/12 MP: 1/1
    37 | D:1      | Reached XP level 2. HP: 18/18 MP: 2/2
   124 | D:1      | Reached skill level 1 in Stealth
   305 | D:1      | Reached XP level 3. HP: 19/22 MP: 3/3
  1064 | D:2      | Reached skill level 5 in Short Blades
  1064 | D:2      | Reached XP level 4. HP: 27/27 MP: 4/4
  1090 | D:2      | Noticed Jessica
  1094 | D:2      | Killed Jessica
  1420 | D:3      | Reached XP level 5. HP: 31/32 MP: 5/5
  1561 | D:3      | Found a white marble altar of Elyvilon.
  1640 | D:3      | Found Qonae's Armour Boutique.
  1873 | D:3      | Found a blossoming altar of Fedhas.
  1926 | D:3      | Found a basalt altar of Yredelemnul.
  2081 | D:3      | Found a snail-covered altar of Cheibriados.
  2210 | D:3      | Noticed an ogre
  2609 | D:4      | Noticed an ogre
  2638 | D:4      | Found a glowing drain.
  2671 | Sewer    | Entered a sewer
  2694 | Sewer    | Reached skill level 6 in Short Blades
  2698 | Sewer    | Reached XP level 6. HP: 37/37 MP: 6/6
  3177 | Sewer    | Noticed a crocodile
  3190 | Sewer    | Killed a crocodile
  3191 | Sewer    | Reached skill level 7 in Short Blades
  3191 | Sewer    | Reached skill level 5 in Dodging
  3191 | Sewer    | Reached XP level 7. HP: 37/42 MP: 7/7
  3467 | D:4      | Found a bloodstained altar of Trog.
  3807 | D:4      | Noticed Robin
  3827 | D:4      | Reached skill level 5 in Stealth
  3843 | D:4      | Killed Robin
  3998 | D:4      | Noticed Edmund
  4006 | D:4      | Killed Edmund
  4007 | D:4      | Reached skill level 8 in Short Blades
  4007 | D:4      | Reached XP level 8. HP: 33/48 MP: 8/8
  4138 | D:4      | Noticed Duvessa
  4141 | D:4      | Killed Duvessa
  4141 | D:4      | Noticed Dowan
  4144 | D:4      | Killed Dowan
  4251 | D:5      | Entered Level 5 of the Dungeon
  4309 | D:5      | Identified the +0 helmet of the True Pharaoh {+Blink Str+2
                  | Int+3}
  4359 | D:5      | Reached skill level 5 in Fighting
  4399 | D:5      | Identified the +1 robe "Zagguwau" {rC+ rCorr}
  4553 | D:5      | Reached skill level 9 in Short Blades
  4697 | D:5      | Found a shadowy altar of Dithmenos.
  4849 | D:5      | Found a staircase to the Ecumenical Temple.
  4868 | Temple   | Entered the Ecumenical Temple
  4877 | Temple   | Became a worshipper of the Wu Jian Council
  5458 | D:6      | Reached XP level 9. HP: 54/54 MP: 9/9
  5814 | D:6      | Reached skill level 10 in Short Blades
  5967 | D:6      | Reached * piety under Wu Jian
  6356 | D:7      | Found Geptomebb's Magic Scroll Boutique.
  6394 | D:7      | Found a glowing silver altar of Zin.
  6395 | D:7      | Found an iron altar of Okawaru.
  6395 | D:7      | Found a radiant altar of Vehumet.
  6396 | D:7      | Found an opulent altar of Gozag.
  6558 | D:7      | Found a transporter.
  6569 | D:7      | Noticed a moth of wrath
  6590 | D:7      | Reached skill level 11 in Short Blades
  6686 | D:7      | Found a transporter.
  6688 | D:7      | Noticed jejorda2's ghost (novice GnBe)
  6720 | D:7      | Found Hippiab's CLEARANCE SALE!.
  6858 | D:7      | Found a broken altar of Ashenzari.
  7135 | D:7      | Found a shimmering altar of Xom.
  7259 | D:8      | Found a staircase to the Lair.
  7262 | D:8      | Noticed Maggie
  7280 | D:8      | Reached XP level 10. HP: 52/61 MP: 10/10
  7328 | D:8      | Killed Maggie
  7374 | D:8      | Reached skill level 12 in Short Blades
  7377 | D:8      | Reached ** piety under Wu Jian
  7404 | D:8      | HP: 3/63 [orc priest/divine providence (9)]
  7406 | D:7      | HP: 1/63 [orc/+0 flail (3)]
  7409 | D:7      | Slain by an orc

Illustrated notes

Levels and vault maps discovered:
D:1:      heliophobic_arrival_battle_scene, layout_rooms
D:2:      layout_loops_ring, uniq_jessica
D:3:      layout_loops_ring, lemuel_zombie_altar_yredelemnul, elyvilon_altar_4,
          cheibrodos_worm_habitat, lemuel_coloured_pillars_altar, serial_shops,
          nicolae_diamond_shop, lightli_corner_chamber
D:4:      layout_basic, trog_ov_bears_minmay, gup_sewer_entry_pipe,
          uniq_duvessa, uniq_edmund, uniq_robin
D:5:      layout_basic, nicolae_dithmenos_the_darkroom, temple_fountains,
          nicolae_underground_beach
D:6:      layout_loops_ring
D:7:      layout_loops_ring, lemuel_tele_altar, cheibrodos_ashenzari_chains,
          chequers_temple_overflow_statue_of_worship, serial_shops, shop,
          gammafunk_ghost_berserking_beasts, minmay_statues_item,
          nicolae_shop_clearance
D:8:      layout_rooms, mainiacjoe_overflow_concentric_impassable,
          erik_lair_orcish_takeover, enter_bailey_5, uniq_psyche, uniq_maggie
Temple:   hellmonk_temple_of_storms

Skill      XL: |  1  2  3  4  5  6  7  8  9 10 |
---------------+-------------------------------+-----
Stealth        | 1 2 3 4 5 6 8 9 |  9.0
Dodging        | 4 5 6 7 8 |  8.4
Short Blades   | 5 6 7 8 9 11 12 | 12.2
Fighting       | 3 4 5 6 7 |  7.2
Throwing       | |  2.1

Action                     |  1- 3 |  4- 6 |  7- 9 | 10-12 || total
---------------------------+-------+-------+-------+-------++-------
  Melee: Rapier            |    17 |       |       |       ||    17
         Short sword       |    71 |   201 |   266 |    85 ||   623
         Punch             |     2 |     6 |    17 |     7 ||    32
  Throw: Dart              |       |       |     4 |     3 ||     7
         Throwing net      |       |       |     1 |       ||     1
         Boomerang         |       |       |     2 |       ||     2
Ability: Lunge             |       |       |    27 |     5 ||    32
         Whirlwind         |       |       |     2 |     3 ||     5
    Use: Scroll            |       |     4 |     7 |       ||    11
         Potion            |       |     1 |     3 |     3 ||     7
   Stab: Sleeping          |    16 |     8 |    25 |       ||    49
         Held in net/web   |       |       |     1 |       ||     1
         Distracted        |       |       |     1 |       ||     1
 Armour: Leather armour    |     7 |       |     8 |       ||    15
         Ring mail         |    22 |    50 |    40 |       ||   112
         Robe              |       |       |    38 |     5 ||    43
         Acid dragon scale |       |       |       |    17 ||    17
  Dodge: Dodged            |    49 |   108 |   146 |    38 ||   341

Table legend: (Time is in decaauts)
 A = Elapsed time spent in this place.
 B = Non-inter-level travel time spent in this place.
 C = Inter-level travel time spent in this place.
 D = Time resting spent in this place.
 E = Time spent auto-exploring this place.
 F = Levels seen in this place.
 G = Mean time per level.
                   A        B        C        D        E       F      G
               +--------+--------+--------+--------+--------+-----+--------+
         Total |   7335 |   6930 |    405 |      0 |   5664 |  10 |  733.5 |
       Dungeon |   6464 |   6076 |    388 |      0 |   4987 |   8 |  808.0 |
        Temple |     18 |      1 |     17 |      0 |      0 |   1 |   18.0 |
         Sewer |    852 |    852 |      0 |      0 |    677 |   1 |  852.0 |
               +--------+--------+--------+--------+--------+-----+--------+

Top non-repeatable levels by time:
     D:3: 1102 daAuts
     D:5: 1102 daAuts
     D:4: 911 daAuts
     D:6: 880 daAuts
     D:7: 872 daAuts
   Sewer: 852 daAuts
     D:2: 759 daAuts
     D:1: 674 daAuts
     D:8: 160 daAuts
  Temple: 18 daAuts
